 Dungeon Crawl Stone Soup version 0.27-a0-1548-gf8a67e7463 (webtiles) character file.

Game seed: 7889946916073503159

23 elagabalus the Slasher (level 2, -1/25 HPs)
             Began as a Minotaur Gladiator on July 13, 2021.
             Slain by a kobold (6 damage)
             ... on level 2 of the Dungeon.
             The game lasted 00:05:26 (670 turns).

elagabalus the Slasher (Minotaur Gladiator)          Turns: 670, Time: 00:05:27

Health: -1/25      AC:  0    Str: 18    XL:     2   Next: 75%
Magic:  1/1        EV: 12    Int:  5    God:
Gold:   57         SH:  0    Dex: 11    Spells: 1/1 levels left

rFire    . . .     SeeInvis .   a - +0 long sword
rCold    . . .     Faith    .   (no shield)
rNeg     . . .     Spirit   .   (no armour)
rPois    .         Reflect  .   (helmet restricted)
rElec    .         Harm     .   (no cloak)
rCorr    .         Rampage  .   (no gloves)
Will     .....                  (no boots)
Stlth    +.........             (no amulet)
HPRegen  0.08/turn              (no ring)
MPRegen  0.07/turn              (no ring)

@: no status effects
A: horns 2, retaliatory headbutt
a: no special abilities


You were on level 2 of the Dungeon.
You visited 1 branch of the dungeon, and saw 2 of its levels.

You collected 57 gold pieces.

Inventory:

Hand Weapons
 a - a +0 long sword (weapon)
Missiles
 d - 3 throwing nets (quivered)
 f - 130 stones
 i - 7 javelins
Armour
 b - a +0 leather armour
 c - a +0 hat
Scrolls
 e - a scroll of fear
 h - a scroll of teleportation
 j - a scroll of acquirement {unknown}
Potions
 g - a potion of experience {unknown}


   Skills:
 - Level 2.4 Fighting
 + Level 4.9 Long Blades
 - Level 2.0 Throwing
 - Level 3.2 Dodging


You had one spell level left.
You didn't know any spells.
Your spell library was empty.

Dungeon Overview and Level Annotations

Branches:
Dungeon (2/15)

Altars:

Shops:
D:1 *

Annotations:
D:2 Sigmund


Innate Abilities, Weirdness & Mutations

You have a pair of horns on your head.
You reflexively headbutt those who attack you in melee.


Message History

You climb upwards.
Reactivating autopickup.
There is a stone staircase leading down here.
You are too confused!
You are too confused!
You are too confused!
Unknown command.
Unknown command.
Unknown command.
You feel less confused.
Items here: )) รทรท.
You see here a +0 plate armour.
There is an entrance to Kyen's Assorted Antiques here.
There is a stone staircase leading down here.
You climb downwards.
Level annotation: Sigmund
There is a stone staircase leading up here.
Found 10 gold pieces.
Found a green potion.
Found a scroll labelled LYRUGOF UPRI and a book of Debilitation.
Found a scroll labelled LEDUBL NULOLA and 21 stones.
You now have 57 gold pieces (gained 10).
A kobold comes into view. It is wielding a +0 short sword.
Found a stone staircase leading down.
g - 2 scrolls labelled LYRUGOF UPRI (gained 1)
j - a scroll labelled LEDUBL NULOLA
As you read the scroll labelled LYRUGOF UPRI, it crumbles to dust.
It is a scroll of identify.
e - a scroll of fear
As you read the scroll of identify, it crumbles to dust.
h - a scroll of teleportation An endoplasm comes into view.
You see here a green potion.
g - a green potion The kobold throws a stone.
The stone hits you.
* * * LOW HITPOINT WARNING * * *
The kobold throws a stone.
The stone hits you.
* * * LOW HITPOINT WARNING * * *
The kobold hits you with a +0 short sword.
You die...

. >.. .# ###..#
.###.....###### ....
#........# #.
#..###........# #.
#...##.......>#
#.##.#.##........#### #
#..#.#.##............ #.
.####..@#.......<.....<.
#>..J......K.........#.....
#...#####..##..............
#......##..#...............
#.##.##...............
#..#..................
##.....##......#......
##....##......#......
#.....#......#


You could see an endoplasm (asleep) and a kobold.

Vanquished Creatures
  2 dart slugs (D:1)
  4 bats (D:1)
  2 endoplasms (D:1)
  2 goblins (D:1)
  A hobgoblin (D:1)
  2 kobolds (D:1)
  3 quokkas (D:1)
  A frilled lizard (D:1)
17 creatures vanquished.

Notes
Turn   | Place    | Note
-------+----------+-------------------------------------------
     0 | D:1      | elagabalus the Minotaur Gladiator began the quest for the
                  | Orb.
     0 | D:1      | Reached XP level 1. HP: 18/18 MP: 0/0
   119 | D:1      | Reached skill level 4 in Long Blades
   155 | D:1      | Reached XP level 2. HP: 6/25 MP: 1/1
   326 | D:1      | Found Kyen's Assorted Antiques.
   587 | D:2      | Noticed Sigmund
   670 | D:2      | Slain by a kobold

Illustrated notes

Levels and vault maps discovered:
D:1:      dpeg_arrival_signposts, layout_basic, serial_shops, shop
D:2:      layout_rooms, uniq_sigmund

Skill      XL: |  1 |
---------------+----+-----
Long Blades    | 4 |  4.9
Fighting       | |  2.4
Throwing       | |  2.0
Dodging        | |  3.2

Action                   || total
-------------------------++-------
Melee: Long sword        ||    27
       Headbutt          ||     6
  Use: Scroll            ||     2
Dodge: Dodged            ||    18
       Rpst.: Long sword ||     3

Table legend: (Time is in decaauts)
 A = Elapsed time spent in this place.
 B = Non-inter-level travel time spent in this place.
 C = Inter-level travel time spent in this place.
 D = Time resting spent in this place.
 E = Time spent auto-exploring this place.
 F = Levels seen in this place.
 G = Mean time per level.
                   A        B        C        D        E       F      G
               +--------+--------+--------+--------+--------+-----+--------+
         Total |    675 |    158 |    517 |      0 |      0 |   2 |  337.5 |
       Dungeon |    675 |    158 |    517 |      0 |      0 |   2 |  337.5 |
               +--------+--------+--------+--------+--------+-----+--------+

Top non-repeatable levels by time:
     D:1: 626 daAuts
     D:2: 49 daAuts
